 Dungeon Crawl Stone Soup version 0.27-a0-1287-gca74d27db6 (webtiles) character file.

Game seed: 16953985467339403301

1588 solopath the Geomancer (level 9, 0/57 HPs)
             Began as a Formicid Earth Elementalist on June 14, 2021.
             Was a Believer of Ashenzari.
             Slain by a troll (5 damage)
             ... on level 6 of the Dungeon.
             The game lasted 00:15:12 (7295 turns).

solopath the Geomancer (FoEE)                       Turns: 7295, Time: 00:15:14

Health: 0/57       AC:  4    Str: 13    XL:     9   Next: 15%
Magic:  1/16       EV: 12    Int: 18    God:    Ashenzari [**....]
Gold:   221        SH:  0    Dex: 11    Spells: 11/18 levels left

rFire    . . .     SeeInvis +   u - +1 short sword "Shattered Secrets" {protect, Evo, Fort} (curse)
rCold    . . .     Faith    .   (no shield)
rNeg     . . .     Spirit   .   c - +0 robe "At What Cost Knowledge?" {Self, Fort} (curse)
rPois    .         Reflect  .   (helmet unavailable)
rElec    .         Harm     .   o - +0 cloak
rCorr    .         Rampage  .   (no gloves)
Will     .....                  k - +0 pair of boots "Per Aspera Ad Scientiam" {Melee, Evo} (curse)
Stlth    +++.......             (no amulet)
HPRegen  0.19/turn              (no ring)
MPRegen  0.15/turn              (no ring)

@: no status effects
A: permanent stasis, dig shafts and tunnels, antennae 3, four strong arms,
subdued magic 1, MP-powered wands
a: Dig, Shaft Self, Renounce Religion, Shatter the Chains


You were on level 6 of the Dungeon.
You worshipped Ashenzari.
Ashenzari was pleased with you.
You visited 1 branch of the dungeon, and saw 6 of its levels.

You collected 221 gold pieces.

Inventory:

Hand Weapons
 u - the cursed +1 short sword "Shattered Secrets" (weapon) {protect, Evo, Fort}
   (You took it off Duvessa on level 5 of the Dungeon)

   It grants its wielder temporary protection when it strikes (+7 to AC).
   It has a curse which improves the following skills: Evocations: Evocations.
   Fortitude: Armour and Shields.
Missiles
 b - 152 stones
 s - 2 throwing nets
Armour
 c - the cursed +0 robe "At What Cost Knowledge?" (worn) {Self, Fort}

   It has a curse which improves the following skills: Introspection: Fighting
   and Spellcasting.
   Fortitude: Armour and Shields.
 k - the cursed +0 pair of boots "Per Aspera Ad Scientiam" (worn) {Melee, Evo}
   (You found it on level 3 of the Dungeon)

   It has a curse which improves the following skills: Melee Combat: Short
   Blades, Long Blades, Axes, Maces & Flails, Polearms, Staves and Unarmed
   Combat.
   Evocations: Evocations.
 l - a +0 buckler
 o - a +0 cloak (worn)
Jewellery
 a - an amulet of guardian spirit
Wands
 t - a wand of digging (10)
Scrolls
 d - 5 scrolls of identify
 e - 3 scrolls of enchant armour
 h - a scroll of enchant weapon
 q - a scroll of magic mapping
 v - 2 scrolls of holy word
Potions
 f - 4 potions of curing
 g - 2 potions of brilliance
 i - 2 potions of might
 j - a potion of heal wounds
 m - 2 potions of cancellation
 n - a potion of resistance
 p - a potion of flight
 r - a potion of magic
 w - a potion of ambrosia


   Skills:
 - Level 4.1(5.4) Short Blades
 - Level 1.7 Dodging
 + Level 7.5 Stealth
 - Level 3.6(5.0) Spellcasting
 - Level 1.1 Transmutations
 * Level 10.0 Earth Magic


You had 11 spell levels left.
You knew the following spells:

 Your Spells              Type           Power      Damage    Failure   Level
a - Sandblast             Erth           62%        2d14      1%          1
b - Passwall              Tmut/Erth      15%        N/A       1%          2
c - Petrify               Tmut/Erth      18%        N/A       12%         4

Your spell library contained the following spells:

 Spells                   Type           Power      Damage    Failure   Level
 Stone Arrow              Conj/Erth      34%        3d9       3%          3
 Lee's Rapid Deconstruct  Erth           15%        3d11*     4%          5
 Freeze                   Ice            12%        1d4       11%         1
 Frozen Ramparts          Ice            6%         1d2       32%         3
 Ozocubu's Armour         Ice            3%         N/A       32%         3
 Hailstorm                Conj/Ice       3%         3d3       75%         4
 Metabolic Englaciation   Hex/Ice        1%         N/A       98%         5


Dungeon Overview and Level Annotations

Branches:
Dungeon (6/15)
 Temple: D:4-7

Altars:
Ashenzari
Cheibriados
Ru

Annotations:
D:3 3 runed translucent doors, puppykicker's ghost, weakling BaIE


Innate Abilities, Weirdness & Mutations

You cannot be hasted, slowed, berserked, paralysed or teleported.
You can dig through walls and to a lower floor.
You have a pair of large antennae on your head. (SInv)
Your four strong arms can wield two-handed weapons with a shield.
Your spells are a little easier to cast, but a little less powerful.
You expend magic power (3 MP) to strengthen your wands.


Message History

The troll misses you. The troll closely misses you.
Casting: Sandblast (safe; 1% risk of failure)
Confirm with . or Enter, or press ? or * to list all spells.
Aiming: Sandblast (safe; 1% risk of failure)
Press: ? - help, Shift-Dir - straight line, f/p - troll
Aim: a troll (82% to hit)
The blast of sand hits the troll!
The troll is moderately wounded.
The troll bites you. The troll misses you. The troll claws you!
Casting: Sandblast (safe; 1% risk of failure)
Confirm with . or Enter, or press ? or * to list all spells.
Aiming: Sandblast (safe; 1% risk of failure)
Press: ? - help, Shift-Dir - straight line, f/p - troll
Aim: a troll (moderately wounded, 82% to hit)
The blast of sand hits the troll but does no damage.
The troll is moderately wounded.
The troll bites you but does no damage. The troll barely misses you.
The troll claws you!
Casting: Sandblast (safe; 1% risk of failure)
Confirm with . or Enter, or press ? or * to list all spells.
Aiming: Sandblast (safe; 1% risk of failure)
Press: ? - help, Shift-Dir - straight line, f/p - troll
Aim: a troll (lightly wounded, 82% to hit)
The blast of sand hits the troll but does no damage.
The troll is lightly wounded.
The troll bites you. The troll claws you. x2
Casting: Sandblast (safe; 1% risk of failure)
Confirm with . or Enter, or press ? or * to list all spells.
Aiming: Sandblast (safe; 1% risk of failure)
Press: ? - help, Shift-Dir - straight line, f/p - troll
Aim: a troll (lightly wounded, 82% to hit)
Okay, then.
Are you sure you want to shaft yourself?
The troll bites you. The troll claws you.
* * * LOW HITPOINT WARNING * * *
The troll claws you!
* * * LOW HITPOINT WARNING * * *
You begin to dig a shaft.
You continue digging a shaft.
The troll barely misses you. x2; The troll claws you.
You die...

,,, #. * ### , ..., * ,
#.. {..# * #.# * #.# ,,
########.# #.## *
#........# #.. , * ,
#.#####.[# #.######.#
##.#####..#####?@T.....#
,
................######.#
##.#####.###.#### ,
#.#####.# #.# #{# #..
#..>....# #.# *### #.#
#..# #########*... ,..#
##.##...* .$# #.#
#..#..#, * #..####.#
#....# ,, * *, .... ...#
#...# *


You could see a troll.

Vanquished Creatures
  Edmund (D:5)
  Duvessa (D:5)
  An ice beast (D:5)
  A sky beast (D:6)
  2 ogres
  A kobold brigand (D:6)
  A phantom (D:5)
  A bullfrog (D:6)
  2 scorpions
  Dowan (D:5)
  3 hounds
  Crazy Yiuf (D:3)
  A gnoll shaman (D:4)
  3 iguanas
  3 orc wizards (D:3)
  2 scorpion zombies (D:5)
  A hound skeleton (D:5)
  8 gnolls
  A howler monkey zombie (D:5)
  A howler monkey skeleton (D:5)
  5 adders
  A white imp (D:3)
  An ufetubus (D:5)
  An adder skeleton (D:4)
  2 worms
  4 dart slugs
  15 orcs
  9 ball pythons
  6 bats
  5 endoplasms
  8 goblins
  8 hobgoblins
  9 jackals
  15 kobolds
  6 quokkas
  3 frilled lizards
  5 rats
139 creatures vanquished.

Vanquished Creatures (others)
  A plant (D:2)
1 creature vanquished.

Grand Total: 140 creatures vanquished

Notes
Turn   | Place    | Note
-------+----------+-------------------------------------------
     0 | D:1      | solopath the Formicid Earth Elementalist began the quest
                  | for the Orb.
     0 | D:1      | Reached XP level 1. HP: 13/13 MP: 3/3
   277 | D:1      | Reached XP level 2. HP: 16/19 MP: 5/5
   337 | D:1      | Reached skill level 4 in Earth Magic
   428 | D:1      | Found a faded altar of an unknown god.
   439 | D:1      | Became a worshipper of Ashenzari the Shackled
  1001 | D:1      | Reached XP level 3. HP: 11/24 MP: 3/6
  1776 | D:2      | Gained mutation: You expend magic power (3 MP) to
                  | strengthen your wands. [potion of mutation]
  1776 | D:2      | Gained mutation: You sometimes lose the ability to read
                  | scrolls when taking damage. [potion of mutation]
  1776 | D:2      | Gained mutation: You are partially covered in iridescent
                  | scales. (AC +2) [potion of mutation]
  1935 | D:2      | Reached XP level 4. HP: 25/30 MP: 8/8
  2492 | D:2      | Reached skill level 5 in Earth Magic
  2690 | D:2      | Learned a level 2 spell: Passwall
  2695 | D:2      | Learned a level 4 spell: Petrify
  3309 | D:3      | Reached XP level 5. HP: 34/35 MP: 9/9
  3489 | D:3      | Found a runed translucent gate.
  3490 | D:3      | Found a runed translucent gate.
  3491 | D:3      | Found a runed translucent gate.
  3708 | D:3      | Found a sacrificial altar of Ru.
  3856 | D:3      | Reached * piety under Ashenzari
  3923 | D:3      | Reached skill level 1 in Short Blades
  4029 | D:3      | Noticed puppykicker's ghost (weakling BaIE)
  4169 | D:3      | Reached XP level 6. HP: 27/41 MP: 4/10
  4394 | D:3      | Found a runed translucent door.
  4395 | D:3      | Noticed Crazy Yiuf
  4402 | D:3      | Killed Crazy Yiuf
  4403 | D:3      | Reached skill level 6 in Earth Magic
  4729 | D:4      | Reached XP level 7. HP: 36/46 MP: 9/12
  4808 | D:4      | Reached ** piety under Ashenzari
  5198 | D:4      | Found a snail-covered altar of Cheibriados.
  5240 | D:4      | Reached skill level 5 in Stealth
  5360 | D:5      | Entered Level 5 of the Dungeon
  5360 | D:5      | Noticed Edmund
  5370 | D:5      | Reached skill level 7 in Earth Magic
  5384 | D:5      | Killed Edmund
  5622 | D:5      | Reached XP level 8. HP: 50/52 MP: 12/15
  5649 | D:5      | Noticed Duvessa
  5649 | D:5      | Noticed Dowan
  5661 | D:5      | Killed Duvessa
  5662 | D:5      | Reached skill level 8 in Earth Magic
  5666 | D:5      | Killed Dowan
  6492 | D:5      | Reached skill level 9 in Earth Magic
  6820 | D:6      | Reached XP level 9. HP: 51/57 MP: 9/15
  7148 | D:6      | Lost mutation: You are partially covered in iridescent
                  | scales. (AC +2) [potion of mutation]
  7148 | D:6      | Lost mutation: You sometimes lose the ability to read
                  | scrolls when taking damage. [potion of mutation]
  7148 | D:6      | Gained mutation: Your spells are a little easier to cast,
                  | but a little less powerful. [potion of mutation]
  7215 | D:6      | Reached skill level 10 in Earth Magic
  7284 | D:6      | Noticed a troll
  7295 | D:6      | Slain by a troll

Illustrated notes

Levels and vault maps discovered:
D:1:      scummos_arrival_simple_crosswalls, layout_loops_ring,
          ebering_ecumenical_altar_sacrificial, minmay_crystal_room
D:2:      wad_woods_settlement, layout_loops_ring, minmay_splitting_lines,
          chequers_serial_rivers_large_a
D:3:      layout_basic, hangedman_ru_absence, gammafunk_ghost_split,
          uniq_crazy_yiuf_cottage
D:4:      layout_rooms, cheibrodos_worm_habitat
D:5:      layout_layer_cave, uniq_duvessa, uniq_edmund
D:6:      layout_loops_cross, serial_shops, shop, minmay_manual_mandibuliform

Skill      XL: |  1  2  3  4  5  6  7  8  9 |
---------------+----------------------------+-----
Earth Magic    | 4 5 6 7 9 10 | 10.0
Stealth        | 3 4 5 7 |  7.5
Spellcasting   | 3 |  3.6
Short Blades   | 1 2 3 4 |  4.1
Dodging        | |  1.7
Transmutations | |  1.1

Action                   |  1- 3 |  4- 6 |  7- 9 || total
-------------------------+-------+-------+-------++-------
Melee: Short sword       |   128 |   194 |   274 ||   596
 Cast: Sandblast         |     7 |    37 |    60 ||   104
       Petrify           |       |     1 |     3 ||     4
       Passwall          |       |     1 |       ||     1
Invok: Curse Item        |     1 |     1 |     2 ||     4
       Shatter the Chain |       |       |     1 ||     1
 Abil: Dig               |       |       |     4 ||     4
       Shaft Self        |       |       |     1 ||     1
  Use: Potion            |     1 |       |     3 ||     4
 Stab: Sleeping          |     5 |    10 |     4 ||    19
       Petrified         |       |     3 |       ||     3
Armor: Robe              |    36 |    57 |   116 ||   209
Dodge: Dodged            |    81 |   120 |   199 ||   400

Table legend: (Time is in decaauts)
 A = Elapsed time spent in this place.
 B = Non-inter-level travel time spent in this place.
 C = Inter-level travel time spent in this place.
 D = Time resting spent in this place.
 E = Time spent auto-exploring this place.
 F = Levels seen in this place.
 G = Mean time per level.
                   A        B        C        D        E       F      G
               +--------+--------+--------+--------+--------+-----+--------+
         Total |   7306 |   7227 |     79 |   1350 |   4391 |   6 | 1217.7 |
       Dungeon |   7306 |   7227 |     79 |   1350 |   4391 |   6 | 1217.7 |
               +--------+--------+--------+--------+--------+-----+--------+

Top non-repeatable levels by time:
     D:1: 1687 daAuts
     D:2: 1634 daAuts
     D:3: 1276 daAuts
     D:5: 1199 daAuts
     D:4: 1013 daAuts
     D:6: 496 daAuts
